 Dungeon Crawl Stone Soup version 0.31.0-32-g396128a36d (webtiles) character file.

Game seed: 29164705546395565

866 hawla the Arsonist (level 7, -16/36 HPs)
             Began as a Deep Elf Fire Elementalist on Apr 18, 2024.
             Killed from afar by Maggie (24 damage)
             ... with a bolt of fire
             ... on level 6 of the Dungeon.
             The game lasted 00:07:39 (4031 turns).

hawla the Arsonist (Deep Elf Fire Elementalist)     Turns: 4031, Time: 00:07:40

Health: -16/36     AC:  5    Str:  5    XL:     7   Next: 72%
Magic:  13/13      EV: 13    Int: 22    God:
Gold:   103        SH:  0    Dex: 15    Spells: 5/12 levels left

rFire   . . .        (no weapon)
rCold   . . .        (no shield)
rNeg    . . .        a - +0 robe
rPois   .            f - +0 helmet
rElec   .            q - +0 cloak
rCorr   .            k - +0 pair of gloves
SInv    .            (no boots)
Will    .....        p - amulet of magic regeneration
Stlth   ++           (no ring)
HPRegen 0.26/turn    (no ring)
MPRegen 0.53/turn

%: no passive effects
@: attractive
A: no striking features
a: no special abilities


You were on level 6 of the Dungeon.
You visited 1 branch of the dungeon, and saw 5 of its levels.

You collected 240 gold pieces.
You spent 137 gold pieces at shops.

Inventory:

Armour
 a - a +0 robe (worn)
 f - a +0 helmet (worn)
 k - a +0 pair of gloves (worn)
 q - a +0 cloak (worn)
Jewellery
 g - the amulet "Etzuquf" {Spirit rElec rPois rF+ Slay+2}
   (You found it on level 2 of the Dungeon)

   [amulet of guardian spirit]

   Spirit:    It causes incoming damage to be divided between your reserves of
   health and magic.
   Slay+2:    It affects your accuracy & damage with ranged weapons and melee
   (+2).
   rF+:       It protects you from fire.
   rElec:     It insulates you from electricity.
   rPois:     It protects you from poison
 p - an amulet of magic regeneration (around neck)
Wands
 n - a wand of flame (6) (quivered)
Scrolls
 d - 2 scrolls of teleportation
 h - 2 scrolls of amnesia
 j - a scroll of enchant armour
Potions
 b - a potion of magic
 c - a potion of berserk rage
 e - 2 potions of attraction
 i - 2 potions of haste {unknown}
 l - a potion of heal wounds {unknown}
 m - 2 potions of cancellation {unknown}


   Skills:
 - Level 2.7 Dodging
 - Level 2.7 Stealth
 - Level 3.2 Spellcasting
 - Level 1.4 Conjurations
 + Level 9.9 Fire Magic


You had 5 spell levels left.
You knew the following spells:

 Your Spells              Type           Power      Damage    Failure   Level
a - Foxfire               Conj/Fire      100%       2x1d9     1%          1
b - Scorch                Fire           94%        2d8       1%          2
c - Flame Wave            Conj/Fire      28%        2d9       12%         4

Your spell library contained the following spells:

 Spells                   Type           Power      Damage    Failure   Level
 Inner Flame              Hex/Fire       25%        N/A       4%          3
 Volatile Blastmotes      Fire/Tloc      50%        2d14      4%          3
 Jinxbite                 Hex            6%         N/A       19%         2
 Yara's Violent Unravell  Hex/Alch       1%         3d3       98%         5
 Enfeeble                 Hex            1%         N/A       100%        7


Dungeon Overview and Level Annotations

Branches:
Dungeon (4/15)
 Temple: D:4-7

Altars:
Okawaru
Ru
Trog
Wu Jian
Xom

Shops:
D:2 ?

Annotations:
D:6 Maggie


Message History

The orc shouts!
Casting: Foxfire (safe; 1% risk of failure)
Confirm with . or Enter, or press ? or * to list all spells.
You conjure some foxfire!
The foxfire hits the orc.
The orc is lightly wounded.
The foxfire hits the orc.
You kill the orc!
Your foxfire dissipates!
Your foxfire dissipates!
An orc comes into view. It is wielding a +0 dagger.
An orc is nearby!
An orc is nearby!
An orc is nearby!
The orc shouts!
You hear a shout!
A wight comes into view. It is wielding a +1 great sword.
An orc priest comes into view. It is wielding a +0 flail.
The orc throws a javelin.
The javelin barely misses you.
Maggie the Vainglorious comes into view.
She is wielding a +0 heavy broad axe.
A scorpion comes into view.
The orc priest shouts!
A wight comes into view.
It is wielding a +5 short sword of freezing.
Maggie shouts!
An orc comes into view. It is wielding a +0 dagger.
The orc priest mumbles some strange prayers to Beogh against you.
Beogh smites you!
An orc priest comes into view.
It is wielding a +0 short sword of electrocution.
Found a stone staircase leading down.
The orc priest shouts!
The orc throws a javelin.
The javelin pierces through you.
The orc priest invokes the aid of Beogh against you.
Beogh smites you!
* * * LOW HITPOINT WARNING * * *
Okay, then.
It was a potion of attraction.
You feel attractive to monsters.
The orc priest begins to cast a cantrip, but forgets the words!
Maggie points at you and mumbles some strange words.
The bolt of fire hits you!!
Ouch! That really hurt!
You die...

.######..##
...).....# #
..###....# ..
###..###### ...
##.......## ....
#.........#
#..zo
##..######..#
#..ooo######..##
# #..zs@@......#
#.....#####.##
#....# ### #....
#... #..> ###


You could see Maggie, a scorpion, 2 wights, 2 orc priests and 2 orcs.

Vanquished Creatures
  Prince Ribbit (D:6)
  An ogre (D:4)
  A phantom (D:4)
  3 scorpions (D:4)
  A howler monkey (D:4)
  Crazy Yiuf (D:3)
  A jelly (D:4)
  An orc priest (D:3)
  2 iguanas (D:4)
  An orc wizard (D:3)
  4 adders
  3 gnolls (D:3)
  A ribbon worm (D:2)
  10 orcs
  7 ball pythons
  5 endoplasms
  7 giant cockroaches
  4 hobgoblins
  4 jackals (D:2)
  6 kobolds
  6 quokkas
  4 bats
  4 frilled lizards
  6 goblins
  A rat (D:3)
85 creatures vanquished.

Vanquished Creatures (collateral kills)
  A foxfire (D:1)
1 creature vanquished.

Vanquished Creatures (others)
  217 foxfires
217 creatures vanquished.

Grand Total: 303 creatures vanquished

Notes
Turn   | Place    | Note
-------+----------+-------------------------------------------
     0 | D:1      | hawla the Deep Elf Fire Elementalist began the quest for
                  | the Orb.
     0 | D:1      | Reached XP level 1. HP: 10/10 MP: 6/6
   426 | D:1      | Reached XP level 2. HP: 5/15 MP: 4/8
  1019 | D:2      | Learned a level 2 spell: Scorch
  1224 | D:2      | Reached skill level 4 in Fire Magic
  1224 | D:2      | Reached XP level 3. HP: 19/19 MP: 3/9
  1361 | D:2      | Found a faded altar of an unknown god.
  1512 | D:2      | Identified the amulet "Etzuquf" {Spirit rElec rPois rF+
                  | Slay+2}
  1653 | D:2      | Found Gewneara's Magic Scroll Boutique.
  1666 | D:2      | Bought a scroll of identify for 22 gold pieces
  1666 | D:2      | Bought a scroll of teleportation for 33 gold pieces
  1666 | D:2      | Bought a scroll of enchant armour for 82 gold pieces
  1963 | D:3      | Reached XP level 4. HP: 24/24 MP: 3/10
  2044 | D:3      | Reached skill level 5 in Fire Magic
  2648 | D:3      | Learned a level 4 spell: Flame Wave
  2773 | D:3      | Reached skill level 6 in Fire Magic
  2773 | D:3      | Reached XP level 5. HP: 19/28 MP: 2/11
  3169 | D:3      | Found a runed translucent door.
  3170 | D:3      | Noticed Crazy Yiuf
  3254 | D:3      | Killed Crazy Yiuf
  3416 | D:4      | Reached skill level 7 in Fire Magic
  3416 | D:4      | Reached XP level 6. HP: 32/32 MP: 10/12
  3500 | D:4      | Reached skill level 8 in Fire Magic
  3504 | D:4      | Identified the +4 hand axe "Urosuser" {protect, ^Contam
                  | rPois Str+7 Dex+4}
  3640 | D:4      | Reached XP level 7. HP: 36/36 MP: 8/13
  3803 | D:4      | Found an ornate altar of the Wu Jian Council.
  3803 | D:4      | Found an iron altar of Okawaru.
  3805 | D:4      | Found a bloodstained altar of Trog.
  3807 | D:4      | Found a shimmering altar of Xom.
  3812 | D:4      | Found a sacrificial altar of Ru.
  3863 | D:4      | Reached skill level 9 in Fire Magic
  3873 | D:4      | You fall into a shaft and drop 2 floors!
  3888 | D:6      | Noticed Prince Ribbit
  3905 | D:6      | Killed Prince Ribbit
  4028 | D:6      | Noticed Maggie
  4031 | D:6      | Killed from afar by Maggie

Illustrated notes

Levels and vault maps discovered:
D:1:      dpeg_arrival_orchard, layout_loops_corners, minmay_3d_cube
D:2:      layout_loops_ring, serial_shops, shop_scrolls,
          shapermc_ecumenical_altar_notcrosses
D:3:      layout_basic, minmay_misc_feat_nine_boxes, uniq_crazy_yiuf_cottage
D:4:      layout_basic, mainiacjoe_overflow_catwalk, grunt_temple_overflow_open,
          kennysheep_generic_room_14
D:6:      layout_layer_cave, nemelex_dance_club_becter, minmay_manual_moon,
          uniq_menkaure, uniq_maggie, uniq_prince_ribbit1

Skill      XL: |  1  2  3  4  5  6  7 |
---------------+----------------------+-----
Fire Magic     | 4 6 7 8 9 |  9.9
Dodging        | |  2.7
Stealth        | |  2.7
Spellcasting   | |  3.2
Conjurations   | |  1.4

Action                     |  1- 3 |  4- 6 |  7- 9 || total
---------------------------+-------+-------+-------++-------
  Melee: Unarmed           |    16 |    10 |       ||    26
   Cast: Foxfire           |    50 |    57 |    20 ||   127
         Scorch            |     9 |    27 |     5 ||    41
         Flame Wave        |       |     1 |       ||     1
    Use: Scroll            |     2 |     4 |       ||     6
         Potion            |       |       |     1 ||     1
   Stab: Sleeping          |     1 |       |       ||     1
 Armour: Robe              |    17 |    25 |     2 ||    44
  Dodge: Dodged            |    26 |    32 |     2 ||    60
